 Dungeon Crawl Stone Soup version 0.23.0 (console) character file.

Game seed: 9525883161552893863

13604 vogonpoet the Covert (level 11, -9/56 HPs)
             Began as a Spriggan Enchanter on Feb 10, 2019.
             Was an Elder of Ashenzari.
             Mangled by a komodo dragon (15 damage)
             ... on level 1 of the Lair of Beasts.
             The game lasted 01:11:52 (12522 turns).

vogonpoet the Covert (Spriggan Enchanter)          Turns: 12522, Time: 01:11:53

Health: -9/56      AC:  9    Str:  4    XL:     11   Next: 77%
Magic:  11/26      EV: 19    Int: 21    God:    Ashenzari [****..]
Gold:   908        SH:  9    Dex: 14    Spells: 17/31 levels left

rFire    . . .     SeeInvis +   j - +4 dagger (freeze) (curse)
rCold    + + .     Gourm    .   G - +2 buckler (curse)
rNeg     + . .     Faith    .   O - +0 troll leather armour (curse)
rPois    +         Spirit   .   (helmet restricted)
rElec    .         Reflect  .   w - +0 cloak (curse)
rCorr    .         Harm     .   (gloves unavailable)
MR       ++...     Clarity  +   (boots unavailable)
Stlth    ++++++....             (no amulet)
HPRegen  0.58/turn              k - +4 ring of protection (curse)
MPRegen  0.20/turn              E - ring of the Eight Shrikes {rPois rC++ rN+ MR+ Dex-2} (curse)

@: very quick
A: very small, unfitting armour, see invisible, herbivore, speed 3, slow
metabolism 2
a: Curse Item, Scrying, Renounce Religion


You were on level 1 of the Lair of Beasts.
You worshipped Ashenzari.
Ashenzari was greatly pleased with you.
You were not hungry.

You visited 3 branches of the dungeon, and saw 14 of its levels.
You also visited: Sewer and Volcano.

You collected 908 gold pieces.

Inventory:

Hand Weapons
 e - a +0 falchion of electrocution
 j - a cursed +4 dagger of freezing (weapon)
 o - a +0 blowgun
 y - a +0 dagger of pain
 A - a +6 short sword of protection
 P - a +1 rapier of flaming
 T - a +1 demon whip of flaming
Missiles
 p - 48 poisoned needles
 v - 17 tomahawks (quivered)
 D - a throwing net
Armour
 w - a cursed +0 cloak (worn)
 G - a cursed +2 buckler (worn)
 O - a cursed +0 troll leather armour (worn)
 R - a +2 robe of fire resistance
 S - +0 fire dragon scales
Magical Staves
 J - an uncursed staff of power
Jewellery
 k - a cursed +4 ring of protection (left hand)
 E - the cursed ring of the Eight Shrikes (right hand) {rPois rC++ rN+ MR+ Dex-2}
   (You found it on level 5 of the Dungeon)

   [ring of positive energy]

   It affects your dexterity (-2).
   It greatly protects you from cold.
   It protects you from poison.
   It protects you from negative energy.
   It affects your resistance to hostile enchantments.
   It has a curse placed upon it.
 L - an uncursed ring of flight
 U - an uncursed ring of protection from magic
Wands
 h - a wand of flame (20)
 i - a wand of paralysis (20)
 C - a wand of iceblast (13)
 K - a wand of random effects (22)
Scrolls
 a - a scroll of immolation
 b - 2 scrolls of identify
 c - 2 scrolls of amnesia
 f - 6 scrolls of teleportation
 s - 3 scrolls of fog
 t - 3 scrolls of enchant armour
 F - 5 scrolls of blinking
 H - 2 scrolls of remove curse
 I - 2 scrolls of fear
 N - a scroll of vulnerability {unknown}
Potions
 g - 6 potions of heal wounds
 l - 8 potions of curing
 m - 2 potions of agility
 n - 2 potions of invisibility {unknown}
 q - 2 potions of berserk rage
 r - 3 potions of flight
 u - a potion of magic {unknown}
 x - 2 potions of lignification {unknown}
 z - 2 potions of brilliance
 B - a potion of mutation
 M - 2 potions of might {unknown}
 Q - 2 potions of resistance {unknown}
Comestibles
 d - 24 rations


   Skills:
 - Level 5.3 Fighting
 - Level 10.3(13.5) Short Blades
 - Level 3.8(5.9) Dodging
 - Level 13.2(15.2) Stealth
 - Level 2.9(4.9) Shields
 - Level 10.5 Spellcasting
 + Level 4.5(6.7) Conjurations
 - Level 8.1(10.4) Hexes


You had 17 spell levels left.
You knew the following spells:

 Your Spells              Type           Power        Failure   Level  Hunger
a - Magic Dart            Conj           ####         1%          1    None
b - Ensorcelled Hibernat  Hex/Ice        ####..       2%          2    None
c - Confuse               Hex            ######..     1%          3    None
d - Tukima's Dance        Hex            ######..     1%          3    None
e - Dazzling Spray        Conj/Hex       #####.       1%          3    None
k - Blink                 Tloc           N/A          19%         2    None

Your spell library contained the following spells:

 Spells                   Type           Power        Failure   Level  Hunger
 Corona                   Hex            ######.      1%          1    None
 Slow                     Hex            ######..     1%          2    None
 Cause Fear               Hex            ######....   1%          4    ##.....
 Inner Flame              Hex/Fire       ####....     4%          3    None
 Portal Projectile        Hex/Tloc       ####..       4%          3    None
 Conjure Flame            Conj/Fire      ####....     10%         3    None
 Mephitic Cloud           Conj/Pois/Air  ###.....     14%         3    None
 Leda's Liquefaction      Hex/Erth       ####......   14%         4    ##.....
 Call Imp                 Summ           ##......     17%         2    None
 Poisonous Vapours        Pois/Air       ##....       17%         2    None
 Iskenderun's Battlesphe  Conj/Chrm      ####....     65%         5    ####...
 Venom Bolt               Conj/Pois      ####......   65%         5    ####...
 Bolt of Magma            Conj/Fire/Erth ###.......   80%         5    ####...
 Iron Shot                Conj/Erth      ####......   99%         6    ######.
 Freezing Cloud           Conj/Ice/Air   ###.......   100%        6    ######.
 Orb of Destruction       Conj           #####.....   100%        7    #######
 Ring of Flames           Chrm/Fire      ##........   100%        7    #######
 Spellforged Servitor     Conj/Summ      ####......   100%        7    #######


Dungeon Overview and Level Annotations

Branches:
Dungeon (12/15)            Temple (1/1) D:4            Lair (1/6) D:9
    Orc (0/2) D:9

Altars:
Ashenzari
Cheibriados
Dithmenos
Elyvilon
Fedhas
Gozag
Hepliaklqana
Kikubaaqudgha
Makhleb
Nemelex Xobeh
Okawaru
Qazlal
Ru
Sif Muna
Trog
Uskayaw
Vehumet
Wu Jian
Xom
Yredelemnul
Zin
The Shining One

Shops:
D:4 *

Annotations:
Lair:1 exclusion: orange crystal statue


Innate Abilities, Weirdness & Mutations

You are very small and have problems with some larger weapons.
You are too small for most types of armour.
You have supernaturally acute eyesight. (SInv)
You are a herbivore.
You cover ground extremely quickly.
You need to consume almost no food.


Message History

Aim: a spiny frog (chance to defeat MR: 62%)
The spiny frog resists with significant effort.
The spiny frog completely misses you.
Casting: Ensorcelled Hibernation (safe; 2% risk of failure)
Confirm with . or Enter, or press ? or * to list all spells.
Aiming: Ensorcelled Hibernation (safe; 2% risk of failure)
Press: ? - help, Shift-Dir - straight line, f/p - spiny frog
Aim: a spiny frog (chance to defeat MR: 62%)
The spiny frog resists with significant effort.
The spiny frog stings you!! You block the komodo dragon's attack.
Casting: Ensorcelled Hibernation (safe; 2% risk of failure)
Confirm with . or Enter, or press ? or * to list all spells.
Aiming: Ensorcelled Hibernation (safe; 2% risk of failure)
Press: ? - help, Shift-Dir - straight line, f/p - spiny frog
Aim: a spiny frog (chance to defeat MR: 62%)
The spiny frog resists with significant effort.
The spiny frog stings you!
* * * LOW HITPOINT WARNING * * *
The komodo dragon bites you!
You die...

, , ,, , *** *##....., , ,
, * #....... ***** ,,,*
#......#* * * #......# ,
#....S.# ** #......#
..#P.* ##......##########
....., ........l@.......#
....., ........F...)....#
..... ,.................#
........................##
.........................#
..#....####....P........##
≈.......................##
§§..... .##..............#
≈.§... ,* #....#........##


You could see a komodo dragon and a spiny frog.

Vanquished Creatures
  A centaur warrior (D:10)
  A two-headed ogre (D:9)
  Erica (Lair:1)
  An unseen horror (D:11)
  An orc sorcerer (Volcano)
  3 ugly things
  Maurice (D:10)
  A smoke demon (Volcano)
  A rime drake (Lair:1)
  A troll (D:11)
  A red devil (Volcano)
  Grinder (Sewer)
  A wyvern (D:12)
  A vampire (D:9)
  Grum (D:8)
  A steam dragon (D:11)
  A hungry ghost (D:10)
  2 water moccasins
  A porcupine (Lair:1)
  2 sky beasts
  4 ice beasts
  6 orc warriors
  2 phantoms
  A necrophage (D:8)
  2 wolves (D:8)
  An ogre (D:5)
  7 centaurs
  2 crocodiles (Lair:1)
  Blork the orc (D:5)
  4 big kobolds
  4 bullfrogs
  A wyvern zombie (D:9)
  A wyvern skeleton (D:10)
  14 killer bees
  5 wights
  10 howler monkeys
  An electric eel (Lair:1)
  6 crimson imps
  2 lava snakes (Lair:1)
  5 jellies
  2 bullfrog skeletons
  4 orc priests
  A centaur skeleton (D:4)
  8 hounds
  Jessica (D:3)
  4 orc wizards
  Terence (D:2)
  8 worker ants
  6 iguanas
  4 big kobold zombies (Sewer)
  2 hound zombies
  2 hound skeletons
  4 gnolls
  11 adders
  A river rat (D:3)
  6 shadow imps
  7 oozes
  2 ufetubi (Sewer)
  An adder zombie (D:6)
  A worm (D:3)
  5 dart slugs
  4 leopard geckos
  31 orcs
  2 ball pythons (Sewer)
  7 bats
  10 giant cockroaches
  10 goblins
  9 hobgoblins
  2 jackals (D:2)
  5 quokkas
  6 frilled lizards
  27 kobolds
  4 kobold zombies (Sewer)
  A leopard gecko skeleton (D:4)
  9 rats
311 creatures vanquished.

Vanquished Creatures (collateral kills)
  A two-headed ogre (D:11)
  3 red devils (Volcano)
  4 orc warriors
  A porcupine (Lair:1)
  A gnoll sergeant (D:9)
  3 wights (D:10)
  An orc wizard (D:8)
  A worker ant (D:8)
  4 gnolls
  A leopard gecko (D:10)
  7 orcs
  A hobgoblin (D:3)
28 creatures vanquished.

Vanquished Creatures (others)
  3 dancing weapons
3 creatures vanquished.

Grand Total: 342 creatures vanquished

Notes
Turn   | Place    | Note
-------+----------+-------------------------------------------
     0 | D:1      | vogonpoet the Spriggan Enchanter began the quest for the
                  | Orb.
     0 | D:1      | Reached XP level 1. HP: 9/9 MP: 5/5
   147 | D:1      | Reached XP level 2. HP: 9/13 MP: 6/6
   151 | D:1      | Learned a level 2 spell: Ensorcelled Hibernation
   486 | D:1      | Reached XP level 3. HP: 5/16 MP: 8/8
   915 | D:1      | Learned a level 3 spell: Confuse
  1306 | D:2      | Noticed Terence
  1338 | D:2      | Killed Terence
  1338 | D:2      | Reached skill level 5 in Stealth
  1338 | D:2      | Reached skill level 5 in Hexes
  1338 | D:2      | Reached XP level 4. HP: 21/21 MP: 4/9
  1471 | D:2      | Found a burning altar of Makhleb.
  1578 | D:2      | Reached XP level 5. HP: 21/24 MP: 4/10
  1887 | D:3      | Found a glowing drain.
  1891 | Sewer    | Entered a sewer
  2497 | Sewer    | Found an ancient bone altar of Kikubaaqudgha.
  2525 | Sewer    | Reached XP level 6. HP: 27/28 MP: 11/11
  2711 | Sewer    | Noticed Grinder
  2738 | Sewer    | Killed Grinder
  2738 | Sewer    | Reached skill level 5 in Spellcasting
  2738 | Sewer    | Reached XP level 7. HP: 9/32 MP: 3/15
  2743 | Sewer    | Learned a level 3 spell: Tukima's Dance
  2747 | Sewer    | Learned a level 3 spell: Dazzling Spray
  3472 | D:3      | Noticed Jessica
  4155 | D:3      | Killed Jessica
  4256 | D:4      | Reached skill level 6 in Stealth
  4409 | D:4      | Found a staircase to the Ecumenical Temple.
  4420 | Temple   | Entered the Ecumenical Temple
  4641 | Temple   | Became a worshipper of Ashenzari the Shackled
  4672 | D:4      | Found Wol Itos's General Store.
  5163 | D:4      | Found a shimmering altar of Xom.
  5229 | D:5      | Entered Level 5 of the Dungeon
  5267 | D:4      | Reached skill level 5 in Short Blades
  5401 | D:5      | Reached XP level 8. HP: 37/37 MP: 16/16
  5484 | D:5      | Noticed Blork the orc
  5504 | D:5      | Killed Blork the orc
  5523 | D:5      | Identified the ring of the Eight Shrikes {rPois rC++ rN+
                  | MR+ Dex-2}
  5812 | D:5      | Reached * piety under Ashenzari
  6294 | D:6      | Found a sacrificial altar of Ru.
  6380 | D:6      | Learned a level 2 spell: Blink
  6629 | D:7      | Reached XP level 9. HP: 40/40 MP: 13/20
  7710 | D:8      | Reached skill level 10 in Short Blades
  7726 | D:8      | Reached ** piety under Ashenzari
  7743 | D:8      | Noticed a +0 hand axe
  7743 | D:8      | Noticed a +0 dagger
  7752 | D:8      | Found a hide-covered altar of Uskayaw.
  7850 | D:8      | Noticed Grum
  7874 | D:8      | Killed Grum
  8242 | D:9      | Found a staircase to the Lair.
  8339 | D:9      | Reached skill level 10 in Spellcasting
  8343 | D:9      | Reached XP level 10. HP: 37/44 MP: 13/25
  8347 | D:9      | Found a staircase to the Orcish Mines.
  8769 | D:9      | Noticed a two-headed ogre
  8772 | D:9      | Killed a two-headed ogre
  8772 | D:9      | Reached skill level 8 in Stealth
  8772 | D:9      | Reached skill level 1 in Shields
  8933 | D:10     | Entered Level 10 of the Dungeon
  8969 | D:10     | Noticed Maurice
  8980 | D:10     | Killed Maurice
  8980 | D:10     | Reached skill level 9 in Stealth
  9253 | D:10     | Reached skill level 10 in Stealth
  9779 | D:10     | Reached skill level 1 in Fighting
  9788 | D:10     | Noticed a centaur warrior
  9799 | D:10     | Killed a centaur warrior
 10044 | D:11     | Noticed an unseen horror
 10185 | D:11     | Killed an unseen horror
 10185 | D:11     | Reached XP level 11. HP: 35/54 MP: 16/26
 10359 | D:11     | Reached *** piety under Ashenzari
 10416 | D:11     | Noticed a brown ugly thing
 10445 | D:11     | Killed a brown ugly thing
 10445 | D:11     | Reached skill level 5 in Fighting
 10542 | D:11     | Reached skill level 11 in Stealth
 10602 | D:11     | Noticed a two-headed ogre
 10612 | D:11     | Killed a two-headed ogre
 11113 | D:11     | Noticed a red ugly thing
 11115 | D:11     | Killed a red ugly thing
 11115 | D:11     | Reached skill level 12 in Stealth
 11602 | D:10     | Reached skill level 13 in Stealth
 11649 | Lair:1   | Entered Level 1 of the Lair of Beasts
 11656 | Lair:1   | Noticed an orange crystal statue
 11710 | Lair:1   | Found a dark tunnel.
 11718 | Volcano  | Entered a volcano
 11723 | Volcano  | Learned a level 1 spell: Magic Dart
 11737 | Volcano  | Noticed a red ugly thing
 11741 | Volcano  | Killed a red ugly thing
 11741 | Volcano  | Reached skill level 1 in Conjurations
 12014 | Volcano  | Noticed an orc sorcerer
 12053 | Volcano  | Killed an orc sorcerer
 12288 | Lair:1   | Reached **** piety under Ashenzari
 12472 | Lair:1   | Noticed Erica
 12480 | Lair:1   | Killed Erica
 12522 | Lair:1   | Mangled by a komodo dragon

Skill      XL: |  1  2  3  4  5  6  7  8  9 10 11 |
---------------+----------------------------------+-----
Short Blades   | 2 3 4 5 8 10 | 10.3
Hexes          | 4 5 7 8 |  8.1
Stealth        | 5 6 10 13 | 13.2
Spellcasting   | 3 5 7 10 | 10.5
Shields        | 2 |  2.9
Fighting       | 4 5 |  5.3
Conjurations   | 4 |  4.5
Dodging        | |  3.8

Action                   |  1- 3 |  4- 6 |  7- 9 | 10-12 || total
-------------------------+-------+-------+-------+-------++-------
Melee: Dagger            |   149 |   352 |   479 |   286 ||  1266
Throw: Tomahawk          |       |       |       |     1 ||     1
 Cast: Corona            |     7 |       |       |       ||     7
       Ensorcelled Hiber |    18 |    16 |    64 |    68 ||   166
       Confuse           |     2 |    10 |    38 |    43 ||    93
       Tukima's Dance    |       |       |    24 |    32 ||    56
       Dazzling Spray    |       |       |     1 |    11 ||    12
       Magic Dart        |       |       |       |     8 ||     8
Invok: Curse Item        |       |       |     3 |     3 ||     6
Evoke: Wand              |       |       |       |     3 ||     3
  Use: Scroll            |       |       |    20 |     3 ||    23
       Potion            |       |       |       |     2 ||     2
 Stab: Sleeping          |    23 |    15 |    67 |    54 ||   159
       Confused          |     2 |     6 |    26 |    18 ||    52
       Distracted        |       |       |     1 |     1 ||     2
       Invisible         |       |       |       |     5 ||     5
  Eat: Ration            |       |     2 |     4 |     2 ||     8
Armor: Robe              |    19 |    75 |    50 |    12 ||   156
       Troll leather arm |       |       |       |     5 ||     5
Dodge: Dodged            |    95 |   223 |   208 |   108 ||   634
Block: Buckler           |       |       |    50 |    69 ||   119
